cohdb
Replays
Latest Replays
All Replays
Popular Replays
Top Player Replays
Match Explorer
How It Works
Community
CoH3 Stats
Reddit
Sign in to upload your games and track your stats! →
Sign in with Steam
Match 42123022
Unlisted
Match 42123022
Overview
Messages
Build Orders
End
Construct Infanterie Kompanie
Kettenkrad Recon Vehicle
Grenadier Squad
Grenadier Squad
Grenadier Squad
Construct Luftwaffe Kompanie
Jäger Squad
Selects Terror Battlegroup
Selects Interrogate
Support Elements
Selects Machine Gun Camouflage
Jäger Squad
Marder III M Tank Destroyer
Selects Defend the Fatherland
Marder III M Tank Destroyer
Wirbelwind Flakpanzer
Pioneer Squad
Forward Retreat Point
Medical Bunker
Selects King Tiger Heavy Tank
King Tiger Heavy Tank
BrianZ
Ottoman_Hungary
Matt L. Z
年
伞兵一号☆MINAMI☆准备
DibbeTC
[TW]S.C.
GenghisKant
0
0
Comments
sign in to comment!
No comments posted yet!